[Event "*** SCC Grand Prix: Titled Tuesday Blitz"]
[Site "Chess.com"]
[Date "2020.08.11"]
[Round "9"]
[White "meoluoi91"]
[Black "Carnivoras"]
[Result "1-0"]
[WhiteElo "2508"]
[BlackElo "2644"]
[TimeControl "180+1"]
[EndTime "11:46:24 PDT"]
[Termination "meoluoi91 won by resignation"]

1. d4 d5 2. c4 c6 3. Nc3 e6 4. e3 f5 5. Bd3 Nf6 6. Qc2 Bd6 7. Nge2 O-O 8. f3 Kh8 9. Bd2 a6 10.
O-O-O b5 11. c5 Bc7 12. h3 e5 13.
dxe5 Bxe5 14. Nd4 f4 15. Nce2 fxe3 16. Bxe3 a5 17. g4 Qe7 18. Bf2 Bd7 19. Bh4 Na6 20. Bxh7 Qxc5 21. Qxc5 Nxc5 22. Bc2 Na4 23. b3 Nb6 24. Bf5 a4 25. f4 Bd6 26. Bxd7 Nfxd7 27. f5 Ne5 28. Bg3 axb3 29. axb3 Ra2 30. Nc2 Rfa8 31.
Ned4 Nbd7 32. Rhe1 Bb8 33. Kd2 Nc4+ 34. bxc4 Bxg3 35.
Rf1 bxc4 36. Nxc6 Nc5 37. Nb4 Rb2 38. Kc3 Rb3+ 39. Kd4 Ne4 40. Kxd5 Nf6+ 41. Kxc4 Rb2 42. Rd3 Rc8+ 43. Kb5 Be5 44. Ka4 Rcxc2 45. Nxc2 Rxc2 46. g5 Ne4 47. g6 Nc3+ 48. Kb3 Rd2 1-0

[Event "*** SCC Grand Prix: Titled Tuesday Blitz"]
[Site "Chess.com"]
[Date "2020.08.11"]
[Round "9"]
[White "JonasHilwerda"]
[Black "Valeron87"]
[Result "0-1"]
[WhiteElo "2210"]
[BlackElo "2341"]
[TimeControl "180+1"]
[EndTime "11:46:25 PDT"]
[Termination "Valeron87 won on time"]

1. d4 d5 2. Bf4 Nf6 3. e3 c5 4.
Nc3 cxd4 5. exd4 a6 6. Nf3 Bg4 7. Be2 Nc6 8. Ne5 Bxe2 9. Nxe2 e6 10. c3 Bd6 11. Nxc6 bxc6 12. O-O O-O 13. Re1 c5 14. Bxd6 Qxd6 15. dxc5 Qxc5 16. Qd4 Rfc8 17. Qxc5 Rxc5 18. Nd4 Rb8 19. Re2 Ne4 20. f3 Nd6 21. Kf2 a5 22.
Rc1 Nc4 23. b3 Nd6 24. Rec2 Rbc8 25. Ke3 e5 26. Ne2 f6 27. Kd3 Kf7 28. Ng3 Ke6 29. Ne2 Nb5 30. b4 Rc4 31. bxa5 Ra8 32. Rb2 Rxa5 33.
Rcb1 Nd6 34. Ke3 Ra3 35. Kd2 f5 36. Kd3 g5 37. g3 e4+ 38. fxe4 dxe4+ 39. Kc2 Ke5 40. Kd2 f4 41. gxf4+ gxf4 42. Nd4 Rcxc3 43. Nb5 Rd3+ 44. Ke2 Re3+ 45. Kf2 Rad3 46. Na7 Rh3 47. Nc6+ Kf5 48. Kg2 Rh6 49. Ne7+ Kg4 50. Rg1 Nc4 51.
Nc6 Ne3+ 52. Kf2+ Kf5 53. Ne7+ Ke5 54. Nc6+ Kd6 55. Nb8 Rxh2+ 0-1

[Event "*** SCC Grand Prix: Titled Tuesday Blitz"]
[Site "Chess.com"]
[Date "2020.08.11"]
[Round "9"]
[White "ShapkinAnatoliy"]
[Black "Maksimus1998"]
[Result "1-0"]
[WhiteElo "2744"]
[BlackElo "2521"]
[TimeControl "180+1"]
[EndTime "11:46:26 PDT"]
[Termination "ShapkinAnatoliy won by resignation"]

1. d4 Nf6 2. c4 e6 3. g3 d5 4. Nf3 Bb4+ 5. Bd2 Bd6 6. Bg2 c6 7. O-O Nbd7 8. Qc2 O-O 9. Bg5 h6 10.
Bxf6 Nxf6 11. Nbd2 b6 12. e4 dxe4 13. Nxe4 Nxe4 14.
Qxe4 Bb7 15. Rad1 Qc7 16. Ne5 Rfc8 17. Rfe1 Rab8 18. c5 bxc5 19. dxc5 Bxe5 20. Qxe5 Qxe5 21. Rxe5 Rd8 22. Ree1 Kf8 23. Be4 Ke7 24. f4 Ba6 25. b3 Rb5 26. Rxd8 Kxd8 27. Rc1 Kc7 28. Kf2 Rb4 29.
Ke3 Bc8 30. Rd1 Rb5 31. Kd4 a5 32. Bf3 a4 33. Rd3 axb3 34. Rxb3 Ra5 35. a3 Ra4+ 36. Kc3 g5 37. fxg5 hxg5 38. Kb2 g4 39. Be2 f5 40. Rb4 Ra5 41. Rc4 Ba6 42. Rc2 Bxe2 43. Rxe2 Kd7 44. Rc2 e5 45. Kb3 Ke6 46. Kb4 Rb5+ 47.
Kc4 f4 48. gxf4 exf4 49. a4 Rb1 50. Kd4 Kf5 51. Ra2 Rd1+ 52. Kc3 Rc1+ 53. Kd4 Rd1+ 54. Kc3 f3 55. a5 Rd8 56. a6 Ke4 57. a7 Ra8 58.
Kd2 Kd5 59. Ke3 Kxc5 60. Kf4 Kb6 61. Kxg4 Rxa7 62. Rxa7 Kxa7 63. Kxf3 Kb6 64. h4 Kc7 65. h5 1-0

[Event "*** SCC Grand Prix: Titled Tuesday Blitz"]
[Site "Chess.com"]
[Date "2020.08.11"]
[Round "9"]
[White "Shivagami"]
[Black "Unknown_IM"]
[Result "0-1"]
[WhiteElo "2231"]
[BlackElo "2380"]
[TimeControl "180+1"]
[EndTime "11:46:26 PDT"]
[Termination "Unknown_IM won by resignation"]

1. d4 Nf6 2. c4 c6 3. Nc3 d5 4.
cxd5 cxd5 5. Bf4 Nc6 6. e3 Bf5 7. Nf3 e6 8. Qb3 Bb4 9. Be2 O-O 10. O-O Bxc3 11. bxc3 Na5 12. Qb4 Rc8 13. Ne5 Ne4 14. Rfc1 f6 15. Nd3 Rc4 16. Qb2 Qc8 17. Nc5 Nxc5 18. Bxc4 Nxc4 19. Qb5 Nd3 20. Rf1 Nxf4 21. exf4 Qc7 22. f3 a6 23. Qb4 b5 24. a4 bxa4 25.
Qxa4 a5 26. g3 Rb8 27. Rf2 Qb6 28. g4 Bg6 29. Qd7 Be8 30. Qe7 Bf7 31. Qd7 Rd8 32.
Qa4 Be8 33. Qa2 Rb8 34. Re2 Bf7 35. Qa4 Qb5 36. Qa2 Qb3 37. Qxb3 Rxb3 38. f5 exf5 39.
Rc2 fxg4 40. fxg4 h6 41. Kf2 Bg6 42. Rcc1 Rb2+ 43. Kf3 Be4+ 44. Kg3 Kh7 45. h4 h5 46. gxh5 Kh6 47. Rg1 Rb3 48. Rac1 a4 49. Kf4 a3 50.
Rg3 a2 51. Rcg1 Rb1 52. Rxg7 Rxg1 53. Rxg1 Bb1 0-1

[Event "*** SCC Grand Prix: Titled Tuesday Blitz"]
[Site "Chess.com"]
[Date "2020.08.11"]
[Round "9"]
[White "Novoselski"]
[Black "harkerchess"]
[Result "1-0"]
[WhiteElo "2364"]
[BlackElo "2136"]
[TimeControl "180+1"]
[EndTime "11:46:26 PDT"]
[Termination "Novoselski won by checkmate"]

1. Nf3 d5 2. c4 c6 3. g3 Bg4 4. Bg2 e6 5. O-O Nf6 6. b3 Bd6 7. Bb2 O-O 8. d3 Nbd7 9. Nbd2 e5 10. Qc2 Rc8 11. e4 d4 12. a3 a5 13. Rfb1 b5 14. Bc1 h6 15. Nf1 Bxf3 16. Bxf3 Re8 17. h4 Nc5 18. b4 Na4 19. c5 Bb8 20. Bd2 axb4 21. axb4 Bc7 22. Nh2 Ra8 23. Ng4 Nxg4 24. Bxg4 Qf6 25.
Kg2 Ra7 26. Rf1 Rea8 27. f4 Qe7 28. f5 f6 29. Bh5 Qd7 30. g4 Bd8 31. Qb3+ Kh8 32.
g5 Qe7 33. gxh6 gxh6 34. Kh3 Qh7 35. Qe6 Qd7 36. Rg1 Qxe6 37. fxe6 Nc3 38. Rxa7 Rxa7 39. Bf7 Kh7 40. Rg6 Ra3 41. Rxh6+ Kg7 42. Rg6+ Kh7 43. h5 Ne2 44. Rg8 Rxd3+ 45. Kg4 Rg3+ 46. Kf5 Rxg8 47. Bxg8+ Kxg8 48. e7 Bxe7 49. Ke6 Bd8 50. Kd7 Ng3 51. Kxd8 Nxe4 52. Be1 Nc3 53. Kd7 Kf7 54.
Kxc6 Ne4 55. Kd7 d3 56. c6 d2 57. Bxd2 Nxd2 58. c7 Nc4 59. Kc6 e4 60. c8=Q e3 61.
Qd7+ Kg8 62. Qe6+ Kh7 63. Qe4+ Kh6 64. Qg6# 1-0

[Event "*** SCC Grand Prix: Titled Tuesday Blitz"]
[Site "Chess.com"]
[Date "2020.08.11"]
[Round "9"]
[White "secretsuperstar7"]
[Black "Tactictic"]
[Result "1-0"]
[WhiteElo "2143"]
[BlackElo "2358"]
[TimeControl "180+1"]
[EndTime "11:46:27 PDT"]
[Termination "secretsuperstar7 won by checkmate"]

1. d4 Nf6 2. c4 e6 3. Nc3 d5 4. cxd5 exd5 5. Bg5 Be7 6. e3 c6 7.
Qc2 Nbd7 8. Bd3 h6 9. Bh4 Nh5 10. Bxe7 Qxe7 11. Nge2 Nb6 12. O-O-O Bd7 13. Kb1 O-O-O 14.
Na4 Nxa4 15. Qxa4 Kb8 16. Qa5 Bc8 17. Rc1 Nf6 18. Rc3 Qc7 19. Qa4 Nd7 20. Ra3 a6 21. Rb3 Ka7 22. Rc1 Nb8 23. Nc3 Rhe8 24. Qa3 Qe7 25. Qa5 f5 26. Na4 f4 27. Qb6+ Ka8 28.
Nc5 Nd7 29. Nxd7 Qxd7 30. Bxa6 fxe3 31. fxe3 Re7 32. Bb5 Re6 33. Ra3+ Kb8 34. Bxc6 Rxc6 35. Rxc6 Qxc6 36. Qxd8 b5 37. Rc3 Qg6+ 38. Rc2 Qf5 39.
Qb6+ Ka8 40. Qa5+ Kb8 41. Qxb5+ Bb7 42. a3 Ka7 43. Qa5+ Kb8 44. Qc7+ Ka7 45. Ka2 Qd3 46. Rc5 Qc4+ 47. Rxc4 dxc4 48. Qxc4 Kb8 49. d5 g6 50. e4 g5 51. Qd4 Ba6 52. b3 Kc7 53. e5 Kd7 54. d6 Ke6 55. d7 Kf5 56. d8=Q Bc4 57. Qf6# 1-0

[Event "*** SCC Grand Prix: Titled Tuesday Blitz"]
[Site "Chess.com"]
[Date "2020.08.11"]
[Round "9"]
[White "Kildepiotr"]
[Black "Beca95"]
[Result "0-1"]
[WhiteElo "2648"]
[BlackElo "2887"]
[TimeControl "180+1"]
[EndTime "11:46:28 PDT"]
[Termination "Beca95 won on time"]

1. Nf3 g6 2. g3 Bg7 3. d4 d6 4. Bg2 e5 5. dxe5 dxe5 6. Nbd2 Be6 7. e4 Nd7 8. O-O f6 9. Qe2 Nh6 10. a4 O-O 11. Nc4 Nf7 12. Rd1 Qe7 13. c3 Nc5 14. b4 Nb3 15. Rb1 Nxc1 16. Rbxc1 b6 17.
Nfd2 Bh6 18. Ne3 c6 19. Ndc4 Rfd8 20. Bf1 Kg7 21. Rxd8 Rxd8 22. Rd1 Rd7 23. Rxd7 Qxd7 24. Qd3 Qxd3 25. Bxd3 Kf8 26. Kf1 Ke7 27. Ke2 Bxe3 28. Nxe3 Nd6 29. f3 a5 30. bxa5 bxa5 31. Kd2 Kd7 32. Kc2 Kc7 33. Nf1 Kb6 34. Nd2 f5 35. f4 exf4 36. gxf4 fxe4 37. Nxe4 Nxe4 38. Bxe4 Kc5 39. Bf3 Bd5 40. Bg4 Kd6 41. Bd1 Be4+ 42. Kd2 c5 43. Ke3 Bc6 44. Bc2 Ke6 45. h4 Kf6 46.
Kf2 h6 47. Ke3 Be8 48. Ke4 Bf7 49. Ke3 Ke7 50. Be4 Bb3 51. Bc6 Kd6 52. Be8 Bc2 53. Bb5 Ke6 54. Bc6 Bb3 55. Bb5 Kd5 56. Kf3 Bc2 57. Ke3 Bf5 58. Be8 Kd6 59. Bb5 Bc2 60. Kd2 Bb3 61. Ke3 Be6 62. Kd3 Bf7 63. Ke4 Bd5+ 64. Ke3 Ke6 65. Bd3 Bc6 66. Bc2 Be8 67.
Bb3+ Kf5 68. Kf3 Bc6+ 69. Kg3 Be4 70. Bc4 Bc2 71. Bb5 Ke4 72. Be8 Ke3 0-1

[Event "*** SCC Grand Prix: Titled Tuesday Blitz"]
[Site "Chess.com"]
[Date "2020.08.11"]
[Round "9"]
[White "abhidabhi"]
[Black "Paladin61"]
[Result "1/2-1/2"]
[WhiteElo "2783"]
[BlackElo "2664"]
[TimeControl "180+1"]
[EndTime "11:46:28 PDT"]
[Termination "Game drawn by repetition"]

1. Nf3 Nf6 2. g3 g6 3. b3 Bg7 4. Bb2 d6 5. d4 c5 6. c4 O-O 7. Bg2 d5 8. Nbd2 cxd4 9. Nxd4 e5 10. Nc2 Nc6 11. cxd5 Nxd5 12. Nc4 Be6 13. O-O Qd7 14. N2e3 Rfd8 15. Nxd5 Bxd5 16. Bxd5 Qxd5 17. Qxd5 Rxd5 18. Rfd1 Rad8 19. Rxd5 Rxd5 20. Rc1 Bh6 21. e3 f6 22.
f4 Kf7 23. Kf2 e4 24. Rc2 Ke6 25. a3 Bf8 26. g4 Rd3 27. b4 a6 28. Ke2 Be7 29. Nd2 f5 30. h3 Rd7 31. Nc4 Rd3 32.
Bc3 Rd7 33. Be1 Rd3 34. Bc3 Rd7 35. Ne5 Nxe5 36. Bxe5 Rd3 37. Rc7 Rd7 38. Rc8 Rd3 39. Rb8 Rxa3 40. Rxb7 Ra2+ 41. Kd1 Rh2 42. Rb6+ Kd5 43.
Rxa6 Bxb4 44. gxf5 gxf5 45. Rh6 Bc5 46. Rxh7 Bxe3 47.
Rf7 Kc4 48. Rc7+ Kd3 49. Rd7+ Kc4 50. Rc7+ Kd5 51. Rd7+ Kc4 52. Rh7 Kd3 53. Rd7+ Kc4 1/2-1/2

[Event "*** SCC Grand Prix: Titled Tuesday Blitz"]
[Site "Chess.com"]
[Date "2020.08.11"]
[Round "9"]
[White "Matols"]
[Black "anon569"]
[Result "1-0"]
[WhiteElo "2230"]
[BlackElo "2330"]
[TimeControl "180+1"]
[EndTime "11:46:28 PDT"]
[Termination "Matols won by resignation"]

1. d4 Nf6 2. c4 e6 3. g3 Bb4+ 4. Bd2 c5 5. Bxb4 cxb4 6. Bg2 Nc6 7. Nf3 O-O 8. O-O d6 9. Nbd2 e5 10. d5 Nb8 11. Ne1 a5 12. Nd3 Na6 13. e4 Bd7 14.
Kh1 b5 15. Rc1 bxc4 16. Nxc4 Bb5 17. b3 Rc8 18. f4 exf4 19. gxf4 Bxc4 20. bxc4 Nc5 21.
Nxc5 Rxc5 22. e5 Nd7 23. Qd4 Qh4 24. e6 Nf6 25. Bf3 h6 26. Rg1 Kh8 27. Rg3 Rg8 28. Rcg1 Rc7 29. Be2 Ne8 30. c5 dxc5 31. Qe5 Qf6 32. d6 Rc6 33. d7 Qxe5 34. fxe5 Rxe6 35. dxe8=Q Rexe8 36. Bc4 Rxe5 37. Bxf7 Rf8 38. Rxg7 Re7 39. Rg8+ Rxg8 40. Bxg8 Re2 41. Bb3 a4 42. Bc4 Rxa2 43.
Bxa2 b3 44. Bb1 a3 45. Rc1 a2 46. Bxa2 bxa2 47. Kg2 1-0

[Event "*** SCC Grand Prix: Titled Tuesday Blitz"]
[Site "Chess.com"]
[Date "2020.08.11"]
[Round "9"]
[White "GadimbayliA"]
[Black "GMBenjaminBok"]
[Result "1/2-1/2"]
[WhiteElo "2880"]
[BlackElo "2915"]
[TimeControl "180+1"]
[EndTime "11:46:29 PDT"]
[Termination "Game drawn - insufficient material"]

1. e4 c5 2. Nf3 d6 3. d4 cxd4 4.
Nxd4 Nf6 5. Nc3 a6 6. g3 e5 7. Nf3 Be7 8. Bg2 O-O 9. O-O b5 10.
a4 b4 11. Nd5 Nxd5 12. Qxd5 Ra7 13. Be3 Rb7 14. Qd3 Be6 15. Rfd1 Qc7 16. Rac1 Rc8 17. c3 b3 18. Ra1 Qa5 19. Nd2 Nd7 20. f4 Nc5 21. Qe2 Nxa4 22. Nf3 Qb5 23. Qf2 Nb6 24. Bxb6 Qxb6 25. Qxb6 Rxb6 26. fxe5 dxe5 27. Nxe5 g6 28. Nf3 Bc5+ 29. Nd4 Rd8 30. Kh1 Rbd6 31. Ra4 Bd7 32. Rc4 Ba7 33. Rd2 Bb5 34. Rb4 Bc5 35. Rxb3 Bxd4 36.
cxd4 Rxd4 37. Rxd4 Rxd4 38. Bf3 Rd2 39. Kg1 Kg7 40. e5 Kf8 41. h4 Ke7 42. Bb7 Re2 43. Ra3 Rxb2 44. Bxa6 Bxa6 45. Rxa6 Rb5 46. e6 fxe6 47.
Ra7+ Kf6 48. Rxh7 Kf5 49. Ra7 Kg4 50. Rg7 Kxg3 51. Rxg6+ Kxh4 52. Rxe6 Rg5+ 53. Kf2 Rf5+ 54. Ke3 Kg5 55. Kd4 Rf6 56. Rxf6 Kxf6 1/2-1/2

[Event "*** SCC Grand Prix: Titled Tuesday Blitz"]
[Site "Chess.com"]
[Date "2020.08.11"]
[Round "9"]
[White "DinaBelenkaya"]
[Black "Alex_Belezky"]
[Result "0-1"]
[WhiteElo "2350"]
[BlackElo "2494"]
[TimeControl "180+1"]
[EndTime "11:46:31 PDT"]
[Termination "Alex_Belezky won by checkmate"]

1. e4 c5 2. Nc3 d6 3. g3 Nc6 4. Bg2 g6 5. Nge2 Bg7 6. d3 Nf6 7. h3 Rb8 8. Be3 O-O 9. Qd2 b5 10. Bh6 b4 11. Nd5 e6 12. Bxg7 Kxg7 13. Ne3 Nd4 14.
Ng4 h5 15. Qh6+ Kg8 16. Nf4 Nh7 17. Nxg6 fxg6 18. Qxg6+ Kh8 19. Qxh5 Nxc2+ 20. Ke2 Nxa1 21. Rxa1 Qg5 22. Qxg5 Nxg5 23. f4 Nh7 24. Ne3 Ba6 25. Rd1 Nf6 26. g4 Nd7 27. f5 exf5 28. exf5 Ne5 29. Bd5 Bb7 30. d4 cxd4 31. Rxd4 Bxd5 32. Nxd5 a5 33. Nf4 Rb6 34. Ne6 Rc8 35. Rd2 Kg8 36.
g5 Kf7 37. h4 Rc4 38. h5 Rh4 39. h6 Rh2+ 40. Kd1 Rxd2+ 41. Kxd2 Nf3+ 42. Ke3 Nh4 43. Kf4 Nxf5 44. Kxf5 Rb5+ 45. Kf4 Kxe6 46. h7 Rb8 47. Kg4 Kf7 48. Kh5 Kg7 49. b3 d5 50. g6 d4 51.
Kg5 d3 52. Kf4 d2 53. Ke3 d1=Q 54. Ke4 Re8+ 55. Kf5 Qf1+ 56. Kg4 Re4+ 57. Kg5 Qf4+ 58. Kh5 Qh6# 0-1

[Event "*** SCC Grand Prix: Titled Tuesday Blitz"]
[Site "Chess.com"]
[Date "2020.08.11"]
[Round "9"]
[White "bazar-wokzal"]
[Black "keepitcool9499"]
[Result "0-1"]
[WhiteElo "2463"]
[BlackElo "2650"]
[TimeControl "180+1"]
[EndTime "11:46:33 PDT"]
[Termination "keepitcool9499 won on time"]

1. e4 e6 2. d4 d5 3. exd5 exd5 4. Nf3 Nf6 5. c4 c6 6. Bd3 dxc4 7. Bxc4 Bd6 8. O-O O-O 9. Nc3 Bc7 10. Bg5 Bg4 11. h3 Bxf3 12. Qxf3 Qxd4 13. Bxf6 Qxf6 14. Qxf6 gxf6 15.
Rad1 a5 16. a4 Na6 17. Bxa6 bxa6 18. Ne4 Be5 19. b3 Rab8 20. Rd3 Rb4 21. Nc5 Rd4 22. Rfd1 Rfd8 23. Kf1 Rxd3 24. Rxd3 Rxd3 25. Nxd3 Kf8 26. Ke2 Ke7 27. Ke3 Ke6 28. f4 Bc3 29. Nc5+ Kd5 30.
Nxa6 f5 31. Kd3 Be1 32. Nc7+ Kc5 33. Ne8 Bg3 34. Ng7 Bxf4 35. Nxf5 h5 36. h4 Kb4 37.
Kc2 Be5 38. Ne7 Kc5 39. Kd3 Bf6 40. Nf5 Kd5 41. Ng3 Bxh4 42. Nxh5 Bg5 43. Ng3 Ke5 44. Kc4 Be3 45. Kd3 Bb6 46. Ne4 f5 47. Nd2 Kf4 48. Nc4 Bc7 49. Kd4 Kg3 50. Kc5 f4 51. Kxc6 Bd8 52. Kd7 Bg5 53. Nxa5 Kxg2 54. Nc4 f3 0-1

[Event "*** SCC Grand Prix: Titled Tuesday Blitz"]
[Site "Chess.com"]
[Date "2020.08.11"]
[Round "9"]
[White "crescentmoon2411"]
[Black "olksuna"]
[Result "1-0"]
[WhiteElo "2754"]
[BlackElo "2639"]
[TimeControl "180+1"]
[EndTime "11:46:34 PDT"]
[Termination "crescentmoon2411 won on time"]

1. c4 c5 2. Nc3 g6 3. g3 Bg7 4.
Bg2 Nc6 5. Nf3 d6 6. d3 e6 7.
Bd2 Nge7 8. Qc1 h6 9. O-O b6 10.
a3 Bb7 11. Rb1 Qd7 12. b4 Nd4 13. Nxd4 cxd4 14. Bxb7 Qxb7 15. Ne4 Nf5 16. g4 d5 17. cxd5 exd5 18. gxf5 dxe4 19. fxg6 Rc8 20. gxf7+ Kxf7 21. Qd1 Rhg8 22. Qb3+ Kf8 23. Bf4 Be5+ 24. Bg3 Rg6 25.
Rbc1 Rxc1 26. Rxc1 h5 27. dxe4 h4 28. Qf3+ Kg7 29.
Qh5 Qe7 30. Rc6 Rxc6 31. Bxe5+ Kg8 32. f4 Qe6 33. Qh8+ Kf7 34. f5 Qh6 35. Qxh6 Rxh6 36.
Bxd4 Rd6 37. e3 Rc6 38. Kg2 Rc2+ 39. Kh3 Ra2 40. e5 Rxa3 41. Kxh4 Rb3 42. e6+ Ke7 43. Kg5 Rxb4 44. h4 a5 45. h5 Rb1 46. h6 Rg1+ 47. Kh5 Rh1+ 48. Kg6 b5 49. h7 b4 50. h8=Q Rg1+ 51. Kh5 Rh1+ 52. Kg4 Rxh8 53. Bxh8 a4 54. Bd4 Kd6 55. Bc5+ 1-0

[Event "*** SCC Grand Prix: Titled Tuesday Blitz"]
[Site "Chess.com"]
[Date "2020.08.11"]
[Round "9"]
[White "LyonBeast"]
[Black "kakarot_001"]
[Result "1-0"]
[WhiteElo "3021"]
[BlackElo "2823"]
[TimeControl "180+1"]
[EndTime "11:46:35 PDT"]
[Termination "LyonBeast won by resignation"]

1. Nf3 Nf6 2. g3 e6 3. Bg2 b6 4. O-O Bb7 5. b3 Be7 6. Bb2 O-O 7. d3 c5 8. e4 Nc6 9. e5 Nd5 10. Nbd2 f6 11. c4 Nc7 12. Ne4 f5 13. Nd6 Bxd6 14. exd6 Ne8 15. d4 Nxd4 16. Nxd4 Bxg2 17. Kxg2 cxd4 18. Qxd4 Qf6 19. Qd2 Qf7 20. Be5 Rc8 21.
Qd4 Nf6 22. f3 g5 23. a4 g4 24. f4 h5 25. a5 h4 26. axb6 axb6 27. Qxb6 Ne4 28.
Qe3 Qh5 29. Rh1 Rf7 30. h3 Nxg3 31. hxg4 Qxg4 32. Rxh4 Qxh4 33. Qxg3+ Qxg3+ 34. Kxg3 Rh7 35. Kf2 Kf7 36. Ke3 Rh3+ 37. Kd4 Rxb3 38. Rg1 Rg8 39. Rh1 Kg6 40. Rg1+ Kf7 41. Rh1 Kg6 42. Ra1 Rb7 43. Rg1+ Kf7 44. Rh1 Kg6 45. c5 Rb4+ 46. Kc3 Rgb8 47.
Rg1+ Kh6 48. Rg7 Rb2 49. Rxd7 R8b3+ 50. Kc4 Rb4+ 51. Kd3 R2b3+ 52. Kc2 Ra3 53. Rc7 Rc4+ 54. Kb2 Ra5 55. d7 Rb5+ 56. Ka3 Rb8 57. Rc8 Rxc8 58.
dxc8=Q 1-0

[Event "*** SCC Grand Prix: Titled Tuesday Blitz"]
[Site "Chess.com"]
[Date "2020.08.11"]
[Round "9"]
[White "Alexander_Donchenko"]
[Black "IMHansNiemann"]
[Result "0-1"]
[WhiteElo "2688"]
[BlackElo "2917"]
[TimeControl "180+1"]
[EndTime "11:46:37 PDT"]
[Termination "IMHansNiemann won by resignation"]

1. Nf3 d5 2. g3 c5 3. Bg2 Nc6 4.
d4 Nf6 5. O-O e6 6. c4 dxc4 7. dxc5 Bxc5 8. Qxd8+ Nxd8 9. Ne5 Bd7 10.
Nxc4 Bc6 11. Nc3 Rc8 12. Bg5 h6 13. Bxf6 gxf6 14. Bxc6+ Rxc6 15. Kg2 f5 16. Ne5 Rc8 17. Rfd1 Nc6 18. Nd3 Be7 19. Rac1 O-O 20. b3 Ba3 21. Rb1 a6 22. Na4 Nd4 23. e3 Nb5 24. b4 Rc2 25. Rb3 Rd8 26. Nac5 b6 27. Nxa6 Ra8 28. Ne1 Rcc8 29. Rd7 Rxa6 30. Nf3 Rc7 31. Rd8+ Kg7 32. Ne5 Raa7 33. h4 Rc3 34. Rb1 Rc1 35. Rb3 Rc3 36. Rb1 Rc2 37. Rbd1 Bxb4 38. R1d7 Rxd7 39. Rxd7 Rc7 40.
Rd8 Nc3 41. Nd3 Be7 42. Ra8 b5 43. h5 b4 44. Ne5 Bd6 45. Nd3 e5 46. Ra5 Kf6 47. Kf1 e4 48. Nc1 Rc5 49. Ra6 Rd5 50.
Nb3 Kg5 51. Nd4 Kxh5 52. Kg2 Kg5 53. Ra7 Kg6 54. Ra6 f6 55. Ra8 Be5 56. Ne6 Kf7 57.
Nd8+ Ke7 58. Nc6+ Kd6 59. Nxb4 Rb5 60. Ra6+ Kd7 61. a3 Bd6 62. Nc6 Ne2 63. Kf1 Rb2 64.
Na5 Rc2 65. Nb3 Nc1 66. Nd4 Ra2 67. Nxf5 Be5 68. Ra4 Nd3 69. Rxe4 Rxf2+ 70. Kg1 Rxf5 0-1

[Event "*** SCC Grand Prix: Titled Tuesday Blitz"]
[Site "Chess.com"]
[Date "2020.08.11"]
[Round "9"]
[White "shnitez"]
[Black "MNyuyu"]
[Result "1-0"]
[WhiteElo "2456"]
[BlackElo "2335"]
[TimeControl "180+1"]
[EndTime "11:46:37 PDT"]
[Termination "shnitez won by checkmate"]

1. d4 d5 2. c4 e6 3. Nf3 Be7 4. Nc3 Nf6 5. Bf4 O-O 6. e3 Nbd7 7. h3 c5 8. cxd5 exd5 9. Be2 cxd4 10. Nxd4 Nc5 11.
Bf3 Ne6 12. Be5 Nxd4 13. Qxd4 Be6 14. O-O Qa5 15. Rfd1 Rfd8 16. a3 Rac8 17. b4 Qb6 18. Qxb6 axb6 19. Rac1 Ra8 20. Ra1 Rdc8 21. Nxd5 Nxd5 22.
Bxd5 Bxd5 23. Rxd5 f6 24. Bd4 Bxb4 25. axb4 Rxa1+ 26. Bxa1 Rc1+ 27. Kh2 Rxa1 28. Rd8+ Kf7 29. Rd7+ Kg6 30.
Rxb7 Rb1 31. Rxb6 h5 32. h4 Kf5 33. Rb5+ Kg6 34. Kg3 Rb2 35. Rb8 Kf5 36. b5 Rb4 37. b6 Rg4+ 38. Kh3 Rb4 39. b7 Kg6 40. f3 Rb2 41. e4 Rb1 42. Kh2 Rb2 43. f4 Rb4 44. e5 Kf5 45. e6 Rxf4 46. e7 Rxh4+ 47. Kg1 Re4 48. e8=Q Rb4 49. Qd7+ Kg6 50. Qd3+ Kf7 51. Qf3 Rb1+ 52. Kh2 h4 53. Qd5+ Kg6 54. Qe4+ Kg5 55.
Qxb1 g6 56. Rg8 f5 57. b8=Q Kh5 58. Rh8+ Kg5 59. Qd8+ Kg4 60. Qxh4# 1-0

[Event "*** SCC Grand Prix: Titled Tuesday Blitz"]
[Site "Chess.com"]
[Date "2020.08.11"]
[Round "9"]
[White "ManuDavid2910"]
[Black "Azeryahu"]
[Result "0-1"]
[WhiteElo "2653"]
[BlackElo "2790"]
[TimeControl "180+1"]
[EndTime "11:46:39 PDT"]
[Termination "Azeryahu won by resignation"]

1. e4 g6 2. Nf3 Bg7 3. d4 d6 4. Nc3 Nf6 5. Bc4 Nxe4 6. Nxe4 d5 7. Bxd5 Qxd5 8. Nc3 Qd8 9. Bf4 O-O 10. O-O Bg4 11.
h3 Bxf3 12. Qxf3 Nc6 13. Rad1 Nxd4 14. Qxb7 Qb8 15. Qe4 Qxb2 16. Rxd4 Qxc3 17. Rc4 Qa3 18. Rxc7 e6 19. Rd1 Qxa2 20. Rdd7 e5 21. Bxe5 Rae8 22.
f4 Bxe5 23. fxe5 Qa1+ 24. Kh2 Rxe5 25. Qd4 Qxd4 26. Rxd4 a5 27. Ra7 Rc8 28. Rdd7 Rf5 29. Rdc7 Rxc7 30. Rxc7 h5 31. Ra7 h4 32. Kg1 Kg7 33.
Ra6 g5 34. c4 f6 35. g3 hxg3 36. Kg2 Rc5 37. Kxg3 Rxc4 38. Rxa5 Kg6 39. Ra3 Rb4 40. Rc3 Ra4 41. Rb3 Rd4 42. Rc3 Re4 43. Rd3 Rh4 44. Rc3 Ra4 45. Rb3 f5 46. Rb6+ Kh5 47. Rb3 f4+ 48. Kg2 Ra2+ 49. Kf3 Kh4 50. Ke4 Rh2 51. Kf5 Rxh3 52. Rb8 Kg3 53. Kxg5 f3 54. Rb3 Kg2 55. Kg4 Rh8 56. Rxf3 Rg8+ 0-1

[Event "*** SCC Grand Prix: Titled Tuesday Blitz"]
[Site "Chess.com"]
[Date "2020.08.11"]
[Round "9"]
[White "ExtremeLearner"]
[Black "Eternauta2400"]
[Result "1-0"]
[WhiteElo "2372"]
[BlackElo "2489"]
[TimeControl "180+1"]
[EndTime "11:46:39 PDT"]
[Termination "ExtremeLearner won on time"]

1. d4 Nf6 2. Nf3 e6 3. g3 d5 4. Bg2 Be7 5. O-O O-O 6. c4 Nbd7 7. Qc2 Ne4 8. Nc3 Nxc3 9. bxc3 c6 10. h4 f5 11.
cxd5 exd5 12. c4 Nf6 13. cxd5 cxd5 14. Bf4 Be6 15. Rab1 Rc8 16. Qa4 Bd6 17. Bxd6 Qxd6 18. Rxb7 f4 19. Ne5 Ne4 20. Qxa7 Bf5 21. Rxg7+ Kh8 22.
g4 Qf6 23. Rf7 Rxf7 24. Nxf7+ Kg8 25. gxf5 Qxf7 26. Qxf7+ Kxf7 27. Bxe4 dxe4 28. Rb1 Kf6 29.
a4 Rg8+ 30. Kf1 Kxf5 31. Rb5+ Kf6 32. a5 Rd8 33. e3 Rc8 34. exf4 Rc4 35. a6 Rxd4 36.
Ke2 Ra4 37. Rb6+ Kf5 38. Ke3 Ra3+ 39. Kd4 Kxf4 40. Rf6+ Kg4 41. Kxe4 Kxh4 42. f4 h6 43. Rxh6+ Kg4 44. Rd6 Ra4+ 45. Ke5 Ra5+ 46. Ke6 Kxf4 47. Kd7 Ke5 48. Rc6 Kd5 49. Kc7 Rb5 50. Rb6 Ra5 51. Kb7 Kc5 52. a7 Ra4 53. Ra6 Rb4+ 54. Kc8 1-0

[Event "*** SCC Grand Prix: Titled Tuesday Blitz"]
[Site "Chess.com"]
[Date "2020.08.11"]
[Round "9"]
[White "GM_dmitrij"]
[Black "VladimirBelous"]
[Result "0-1"]
[WhiteElo "2919"]
[BlackElo "2777"]
[TimeControl "180+1"]
[EndTime "11:46:42 PDT"]
[Termination "VladimirBelous won by resignation"]

1. e4 c5 2. Nf3 Nc6 3. Bb5 d6 4. Kf1 Bd7 5. Nc3 Nf6 6. g3 g6 7. Kg2 Bg7 8. Re1 O-O 9. a4 e5 10. d3 h6 11. Bd2 Kh7 12. Ng1 Ne8 13. Nd5 f5 14. b4 Nc7 15. bxc5 dxc5 16. Bc4 Ne6 17.
c3 f4 18. f3 h5 19. Ne2 Bh6 20. gxf4 exf4 21. d4 Qh4 22. Kh1 Ng5 23. Rf1 Nh3 24.
Be1 Qg5 25. Ng1 Rae8 26. Nxh3 Bxh3 27. Rg1 Qd8 28. Bf2 Na5 29. Ba2 c4 30. Nb4 g5 31. d5 g4 32. Nc2 gxf3 33. Qxf3 Bg4 34. Rxg4 hxg4 35. Qxg4 Qg5 36. Qxg5 Bxg5 37. Nd4 Kh8 38.
Ne6 Rg8 39. Bd4+ Kh7 40. Bb1 Kh6 41. e5 Nb3 42. Ra2 Bh4 43. Be4 Nxd4 44. cxd4 c3 45. Rc2 Be1 46. Nxf4 Ref8 47. Re2 Bd2 48. Ng6 Rxg6 49.
Bxg6 Kxg6 50. Rg2+ Kh7 51. e6 Bf4 52. Rg1 Bd6 53. Rc1 Rc8 54. Kg2 c2 55. Kf3 Ba3 56. Ke4 Bxc1 57. d6 Ba3 58. d7 Rd8 59. d5 Be7 60. d6 Bxd6 61. e7 Bxe7 62. Kd5 Rxd7+ 63. Ke6 Rc7 0-1

[Event "*** SCC Grand Prix: Titled Tuesday Blitz"]
[Site "Chess.com"]
[Date "2020.08.11"]
[Round "9"]
[White "XDPS"]
[Black "MasterKroket"]
[Result "1-0"]
[WhiteElo "2636"]
[BlackElo "2411"]
[TimeControl "180+1"]
[EndTime "11:46:43 PDT"]
[Termination "XDPS won by resignation"]

1. d4 Nf6 2. Nf3 e6 3. Bf4 c5 4. e3 Nc6 5. c3 Be7 6. Nbd2 O-O 7.
Bd3 b6 8. a3 Bb7 9. e4 cxd4 10.
cxd4 d6 11. O-O h6 12. Rc1 Rc8 13. Qa4 Qd7 14. h3 Na5 15. Bb5 Bc6 16. Rxc6 Nxc6 17. Rc1 e5 18. dxe5 dxe5 19. Bxc6 Rxc6 20. Qxc6 Qxc6 21.
Rxc6 exf4 22. Rc7 Re8 23. Rxa7 Bf8 24. Rb7 Bc5 25. b4 Be3 26. fxe3 fxe3 27. Nc4 Rxe4 28. Nd6 Re6 29. Rb8+ Kh7 30. Nxf7 e2 31. Kf2 Kg6 32.
N7e5+ Kf5 33. g4+ Kf4 34. Kxe2 Nd7 35. Rb7 Nxe5 36. Nxe5 Rxe5+ 37. Kd2 Kg3 38. Rxb6 Kxh3 39. Rg6 Re4 40. Rxg7 Rxg4 41. Rh7 Rg6 42. Kc3 Kg4 43.
b5 Kg5 44. Kb4 h5 45. a4 h4 46. a5 Kg4 47. a6 h3 48. a7 Rg8 49. b6 Kg3 50. b7 Rg4+ 51. Kb5 Rg5+ 52. Kc4 Rg4+ 53. Kd5 Rg5+ 54. Ke4 Rg4+ 55. Ke5 h2 56. Rxh2 Kxh2 57. b8=Q Rg3 58. Ke4 Kh1 59. Qh8+ Kg2 60. Qb2+ Kh1 61.
Qc1+ Kh2 62. Qf4 Kh1 63. Qh4+ Kg2 64. Qxg3+ Kxg3 65. a8=Q 1-0